 Dungeon Crawl Stone Soup version 0.32-a0-473-gd044c6f0f0 (console) character file.

Game seed: 13195254837212168095

1951833 elliptic the Conqueror (level 27, 249/249 HPs)
             Began as a Coglin Cinder Acolyte on Feb 24, 2024.
             Was a High Priest of Okawaru.
             Escaped with the Orb
             ... and 3 runes
             ... and 1 gem on Feb 25, 2024!
             The game lasted 03:35:41 (57616 turns).

elliptic the Conqueror (Coglin Cinder Acolyte)     Turns: 57616, Time: 03:35:41

Health: 249/249    AC: 56    Str: 27    XL:     27
Magic:  28/28      EV: 10    Int: 15    God:    Okawaru [*****.]
Gold:   1446       SH:  0    Dex:  8    Spells: 28/28 levels left

rFire   + + .        a - +5 broad axe {vamp, rPois Str+4 Dex-4, norare}
rCold   + + +        w - +7 broad axe (vamp) {Kiyoto}
rNeg    . . .        i - +12 gold dragon scales {nodragon}
rPois   +            s - +2 helmet
rElec   .            F - +2 cloak {rC+}
rCorr   .            g - +2 pair of gloves
SInv    .            P - +3 pair of seven-league boots {Rampage+∞}
Will    ++...        J - amulet of regeneration Stlth
                     (ring unavailable)
HPRegen 2.21/turn    (ring unavailable)
MPRegen 0.21/turn

%: clarity, rampage+inf
@: hasted, studying 2 skills, very quick
A: cold resistance 1, fire resistance 1, off-hand wielding, slow wielding,
warmup strikes, no rings, clarity, low MP 1, regeneration 1, screaming 1, weak 1
0: Orb of Zot
}: 3/15 runes: decaying, serpentine, silver
a: Renounce Religion, Heroism, Finesse, Duel


You escaped.
You worshipped Okawaru.
Okawaru was extremely pleased with you.
You visited 11 branches of the dungeon, and saw 51 of its levels.
You visited the Abyss 1 time.
You also visited: Trove, Ossuary, Ice Cave, Volcano, Wizlab and Desolation.

You collected 9075 gold pieces.
You spent 7629 gold pieces at shops.


Innate Abilities, Weirdness & Mutations

Your flesh is cold resistant. (rC+)
Your flesh is heat resistant. (rF+)
You can wield a second weapon in your off-hand.
It takes a long time for you to wield or remove held weapons.
Your first few attacks do less damage.
Your grasper-arms cannot wear rings.
You possess an exceptional clarity of mind.
Your magical capacity is low. (-10% MP)
Your natural rate of healing is unusually fast.
You occasionally shout uncontrollably at your foes.
You are weak. (Str -2)


   Skills:
 O Level 27 Fighting
 + Level 12.4(18.5) Axes
 - Level 15.7(17.1) Maces & Flails
 - Level 13.8(15.4) Polearms
 O Level 27 Armour
 - Level 8.1 Dodging
 - Level 1.0 Spellcasting
 - Level 2.6 Fire Magic
 - Level 12.0 Invocations


You had 28 spell levels left.
You didn't know any spells.
Your spell library contained the following spells:

 Spells                   Type           Power      Damage    Failure   Level
 Scorch                   Fire           16%        2d5       58%         2
 Foxfire                  Conj/Fire      16%        2x1d4     65%         1
 Apportation              Tloc           0%         N/A       83%         1
 Kiss of Death            Conj/Necr      0%         2d5       83%         1
 Magic Dart               Conj           0%         1d3       83%         1
 Shock                    Conj/Air       0%         1d3       83%         1
 Sting                    Conj/Alch      0%         1d3       83%         1
 Blink                    Tloc           0%         N/A       92%         2
 Cigotuvi's Dreadful Rot  Necr/Alch/Air  0%         N/A       92%         2
 Jinxbite                 Hex            0%         N/A       92%         2
 Lesser Beckoning         Tloc           0%         N/A       92%         2
 Mercury Vapours          Alch/Air       0%         N/A       92%         2
 Searing Ray              Conj           0%         2d4       92%         2
 Static Discharge         Conj/Air       0%         3-3/arc   92%         2
 Sublimation of Blood     Necr           0%         N/A       92%         2
 Inner Flame              Hex/Fire       4%         N/A       95%         3
 Confusing Touch          Hex            0%         N/A       99%         3
 Frozen Ramparts          Ice            0%         1d1       99%         3
 Gell's Gravitas          Tloc           0%         N/A       99%         3
 Hailstorm                Conj/Ice       0%         3d5       99%         3
 Mephitic Cloud           Conj/Alch/Air  0%         N/A       99%         3
 Ozocubu's Armour         Ice            0%         N/A       99%         3
 Sigil of Binding         Hex            0%         N/A       99%         3
 Swiftness                Air            0%         N/A       99%         3
 Teleport Other           Tloc           0%         N/A       99%         3
 Vampiric Draining        Necr           0%         2d6       99%         3
 Airstrike                Air            0%         2d(0-16)  100%        4
 Brom's Barrelling Bould  Conj/Erth      0%         2d3       100%        4
 Cause Fear               Hex            0%         N/A       100%        4
 Dimensional Bullseye     Hex/Tloc       0%         N/A       100%        4
 Dispel Undead            Necr           0%         3d6       100%        4
 Flame Wave               Conj/Fire      4%         2d5       100%        4
 Fulminant Prism          Conj/Alch      0%         3d5       100%        4
 Ignite Poison            Fire/Alch      4%         N/A       100%        4
 Iskenderun's Mystic Bla  Conj/Tloc      0%         2d3       100%        4
 Leda's Liquefaction      Alch/Erth      0%         N/A       100%        4
 Olgreb's Toxic Radiance  Alch           0%         N/A       100%        4
 Passage of Golubria      Tloc           0%         N/A       100%        4
 Petrify                  Alch/Erth      0%         N/A       100%        4
 Sticky Flame             Fire/Alch      4%         2d4       100%        4
 Vhi's Electric Charge    Tloc/Air       0%         N/A       100%        4
 Alistair's Intoxication  Alch           0%         N/A       100%        5
 Arcjolt                  Conj/Air       0%         1d10      100%        5
 Borgnjor's Vile Clutch   Necr/Erth      0%         N/A       100%        5
 Curse of Agony           Necr           0%         N/A       100%        5
 Fireball                 Conj/Fire      2%         3d4       100%        5
 Freezing Cloud           Conj/Ice/Air   0%         6-21      100%        5
 Irradiate                Conj/Alch      0%         3d11      100%        5
 Iskenderun's Battlesphe  Conj           0%         2d6       100%        5
 Lee's Rapid Deconstruct  Erth           0%         3d4*      100%        5
 Metabolic Englaciation   Hex/Ice        0%         N/A       100%        5
 Silence                  Hex/Air        0%         N/A       100%        5
 Yara's Violent Unravell  Hex/Alch       0%         3d3       100%        5
 Bombard                  Conj/Erth      0%         9d1       100%        6
 Conjure Ball Lightning   Conj/Air       0%         3x3d6     100%        6
 Dispersal                Tloc           0%         N/A       100%        6
 Eringya's Noxious Bog    Alch           0%         4d6       100%        6
 Plasma Beam              Fire/Air       2%         2x1d12    100%        6
 Enfeeble                 Hex            0%         N/A       100%        7
 Orb of Destruction       Conj           0%         9d5       100%        7
 Ozocubu's Refrigeration  Ice            0%         4d7       100%        7
 Borgnjor's Revivificati  Necr           0%         N/A       100%        8
 Discord                  Hex            0%         N/A       100%        8
 Disjunction              Tloc           0%         N/A       100%        8
 Ignition                 Fire           4%         3d4       100%        8
 Lehudib's Crystal Spear  Conj/Erth      0%         10d2      100%        8
 Chain Lightning          Conj/Air       0%         N/A       100%        9
 Death's Door             Necr           0%         N/A       100%        9
 Fire Storm               Conj/Fire      2%         8d1       100%        9
 Polar Vortex             Ice            0%         N/A       100%        9
 Shatter                  Erth           0%         3d5*      100%        9
 Call Imp                 Summ           Unusable   N/A       N/A         2
 Call Canine Familiar     Summ           Unusable   N/A       N/A         3
 Summon Ice Beast         Ice/Summ       Unusable   N/A       N/A         3
 Animate Armour           Summ/Erth      Unusable   N/A       N/A         4
 Animate Dead             Necr           Unusable   N/A       N/A         4
 Summon Blazeheart Golem  Fire/Summ      Unusable   N/A       N/A         4
 Summon Lightning Spire   Summ/Air       Unusable   N/A       N/A         4
 Death Channel            Necr           Unusable   N/A       N/A         6
 Sculpt Simulacrum        Ice/Alch       Unusable   N/A       N/A         6
 Summon Cactus Giant      Summ           Unusable   N/A       N/A         6
 Haunt                    Necr/Summ      Unusable   N/A       N/A         7
 Spellforged Servitor     Conj/Summ      Unusable   N/A       N/A         7
 Summon Hydra             Summ           Unusable   N/A       N/A         7
 Dragon's Call            Summ           Unusable   N/A       N/A         9

Inventory:

Hand Weapons
 a - the +5 broad axe "Killer Bee's Foe" (weapon) {vamp, rPois Str+4 Dex-4, norare}
   (You bought it in a shop on level 4 of the Vaults)

   Str+4:     It affects your strength (+4).
   Dex-4:     It affects your dexterity (-4).
   rPois:     It protects you from poison
 b - a +9 spectral demon whip {Minjun}
 v - a +5 demon whip of distortion {!w}
 w - a +7 vampiric broad axe (offhand) {Kiyoto}
 y - a +4 spectral eveningstar {Thamphthis}
Missiles
 k - 20 curare-tipped darts (quivered)
 t - 16 silver javelins
 G - 26 javelins
 H - 3 throwing nets
Armour
 g - a +2 pair of gloves (worn)
 i - +12 gold dragon scales (worn) {nodragon}
 q - a +2 cloak of poison resistance
 s - a +2 helmet (worn)
 x - the +0 pair of boots of Starshine {Will+ Regen+ Dex-5}
   (You found it on level 5 of the Vaults)

   Dex-5:     It affects your dexterity (-5).
   Will+:     It increases your willpower.
   Regen+:    It increases your rate of health regeneration.
 F - a +2 cloak of cold resistance (worn)
 P - the +3 pair of seven-league boots (worn) {Rampage+∞}
   (You found it in a treasure trove)

   Rampage+∞: When moving toward enemies, its wearer moves as far as possible,
   alerting their target en route.
 V - a +2 hat
 W - the +3 pair of mountain boots {steadfast, rC+}
   (You acquired it on level 8 of the Dungeon)

   Steadfast: It prevents involuntary movement, except for blinking,
   teleportation, or banishment.
   rC+:       It protects you from cold.
Jewellery
 J - an amulet of regeneration (around neck)
 R - the amulet "Exzosmac" {Reflect rC+ rN+ Int+2 SH+5}
   (You found it in a treasure trove)

   [amulet of reflection]

   Reflect:   It reflects blocked missile attacks.
   Int+2:     It affects your intelligence (+2).
   rC+:       It protects you from cold.
   rN+:       It protects you from negative energy.
   SH+5:      It affects your SH (+5).
Wands
 e - a wand of quicksilver (56)
 T - a wand of roots (50)
Scrolls
 c - 6 scrolls of blinking
 d - 8 scrolls of poison
 h - 15 scrolls of teleportation
 n - 5 scrolls of silence {!r}
 p - 3 scrolls of fear
 A - 6 scrolls of fog
 I - 2 scrolls of enchant armour
 U - 7 scrolls of brand weapon
Potions
 f - 16 potions of curing
 l - 8 potions of mutation {!q}
 m - 5 potions of haste
 o - 6 potions of attraction
 r - 8 potions of invisibility
 u - 5 potions of enlightenment
 z - 9 potions of ambrosia
 B - 8 potions of resistance
 C - 5 potions of might
 D - 12 potions of magic
 E - 10 potions of heal wounds
 N - 2 potions of berserk rage {!q}
 Q - 6 potions of brilliance
 Z - 3 potions of cancellation
Miscellaneous
 Y - a lightning rod (4/4)


Message History

A mysterious force pulls you upwards. The hatch slams shut behind you.
A golden eye comes into view.
The golden eye turns its gaze towards you.
You stride towards the golden eye!
You miss the golden eye with your +7 vampiric broad axe.
You miss the golden eye with the +5 broad axe "Killer Bee's Foe".
You slash the golden eye with your +7 vampiric broad axe!
You kill the golden eye!
Okawaru accepts your kill.
(D) Dungeon (T) Temple (L) Lair (S) Swamp (P) Snake Pit (M) Slime Pits (O) Orcish Mines (E) Elven Halls (V) Vaults (C) Crypt (W) Tomb (U) Depths (H) Hell (Z) Zot
Where to? (Tab/Enter - D:3 @ (x,y), ? - help)
A golden eye comes into view.
The golden eye turns its gaze towards you.
The golden eye blinks at you. You resist with almost no effort.
You slash the golden eye with the +5 broad axe "Killer Bee's Foe"!
The golden eye is severely wounded.
You slash the golden eye with your +7 vampiric broad axe!
You kill the golden eye!
Okawaru accepts your kill.
(D) Dungeon (T) Temple (L) Lair (S) Swamp (P) Snake Pit (M) Slime Pits (O) Orcish Mines (E) Elven Halls (V) Vaults (C) Crypt (W) Tomb (U) Depths (H) Hell (Z) Zot
Where to? (Tab/Enter - D:3 @ (x,y), ? - help)
Items here: %%%% ))) [[[.
There is a stone staircase leading up here.
You climb upwards.
There is a stone staircase leading down here.
There is a stone staircase leading up here.
There is a stone staircase leading up here.
You feel yourself speed up.
You climb upwards.
There is a stone staircase leading down here.
A blizzard demon comes into view.
There is a staircase leading out of the dungeon here.
You have escaped!

#.....................###.....##
########)#...>....#....##.....#
#.#........##...##....%#
#.......#...#...##..^..##
###.....#.#..............#
#......#...#......#.......
#.#####.....#####.#.#.####
#..#...........#....#.# #
##..#....@....#.....#.#
##..#.......).#.....#.#
#..#...........#....#.####
#.#####.....#####......##.
##......#...#...2.......##.
#..####..#.#...#.....%..... #.##
##..#................
####.#######...#...........~PP
##.....##.....###.#........PP~~


You could see a blizzard demon.

Vanquished Creatures
  Frederick (Vaults:2)
  4 ancient liches
  Khufu (Crypt:3)
  3 dread liches (Zot:5)
  An orb of fire (Zot:5)
  Mara (Vaults:3)
  3 juggernauts
  Xtahua (Crypt:1)
  2 royal mummies (Crypt:3)
  Sojobo (Crypt:3)
  Boris (twice) (Vaults:3 Crypt:3)
  Bai Suzhen (Vaults:3)
  2 Killer Klowns
  Saint Roka (Depths:2)
  Vashnia (Snake:2)
  A caustic shrike (Depths:2)
  A curse toe (Zot:4)
  Margery (Vaults:2)
  The ghost of mdonais the Executioner, an adept MDFi of Beogh (Elf:3)
  4 golden dragons
  Nikola (Swamp:4)
  2 bone dragons
  Norris (Depths:1)
  An electric golem (Zot:2)
  14 tentacled monstrosities
  A Brimstone Fiend (Depths:4)
  A shard shrike zombie (Crypt:2)
  An Ice Fiend (Depths:1)
  Jorgrun (D:14)
  6 liches
  Mlioglotl (Swamp:2)
  A walking earthen tome (Depths:3)
  A moon troll (WizLab)
  A deep elf blademaster (Elf:2)
  20 Orb Guardians (Zot:5)
  4 titans (Vaults:5)
  2 quicksilver dragons
  A searing wretch (Vaults:2)
  7 sphinxes
  2 ancient champions (Crypt:2)
  Gastronok (D:8)
  A death cob (Zot:3)
  7 tentacled starspawn (WizLab)
  Aizul (Swamp:3)
  6 storm dragons
  5 shadow dragons
  6 tengu reavers
  3 thorn hunters (Swamp:4)
  3 draconian monks
  Roxanne (Elf:1)
  2 demonspawn warmongers (D:9)
  A revenant (Crypt:2)
  3 draconian knights
  6 nagarajas
  2 protean progenitors (Zot:3)
  19 vault wardens
  2 iron dragons
  16 frost giants
  7 fire giants
  A deep elf sorcerer (Vaults:5)
  3 draconian scorchers
  A balrug (Depths:4)
  2 imperial myrmidons (Desolation)
  A draconian annihilator (Zot:3)
  2 draconian shifters (Zot:3)
  An angel (Depths:2)
  22 ironbound preservers
  5 ghouls
  2 reapers
  5 spriggan defenders
  3 orc warlords
  A caustic shrike zombie (Crypt:3)
  The ghost of Woezunes the Dealer of Despair, an adept FeSu of Kikubaaqudgha (Snake:2)
  A juggernaut skeleton (Crypt:3)
  18 very ugly things
  2 cacodemons (WizLab)
  10 ironbound thunderhulks
  10 vampire knights
  2 deep elf demonologists
  A formless jellyfish (Vaults:4)
  5 eleionomae
  13 stone giants
  7 deep elf death magi
  6 grey draconians
  4 yellow draconians
  A deep elf annihilator (Vaults:5)
  A lorocyproca (Depths:2)
  3 black draconians
  3 green draconians
  17 spark wasps
  6 war gargoyles
  A halazid warlock (Desolation)
  2 white draconians (Depths:4)
  2 red draconians
  Azrael (D:12)
  8 dire elephants
  6 eidola
  3 bunyips
  8 purple draconians
  A blizzard demon (Depths:2)
  A merfolk impaler (Depths:1)
  10 ettins
  6 crystal guardians
  10 fire dragons
  10 ragged hierophants (Desolation)
  14 yaktaur captains
  10 great orbs of eyes
  A deep elf high priest (Elf:2)
  7 ice dragons
  27 vault guards
  Harold (Orc:1)
  A spriggan skeleton (Crypt:3)
  7 salamander tyrants
  2 hell beasts
  19 hydras
  2 ogre magi
  5 rakshasas
  6 servants of whispers (Desolation)
  4 ghost crabs
  6 ironbound frosthearts
  13 peacekeepers
  A fenstrider witch skeleton (Crypt:3)
  10 spriggan air magi
  A two-headed ogre (shapeshifter) (Vaults:5)
  4 boulder beetles
  2 catoblepae
  19 centaur warriors
  11 two-headed ogres
  Erica (Orc:1)
  3 alligators
  38 dancing weapons
  2 deep troll shamans
  3 vampire magi
  15 anacondas
  11 naga warriors
  The ghost of Persephone the Severer, a novice MDFi of Beogh (D:9)
  An occultist (Depths:2)
  2 hell hogs (Lair:5)
  2 titan zombies
  Urug (Lair:1)
  7 deep troll earth magi
  12 naga sharpshooters
  6 tengu warriors
  14 death yaks
  5 orc high priests
  13 spriggan berserkers
  17 hell knights
  Sonja (D:12)
  17 shock serpents
  2 soul eaters
  A sun demon (Depths:4)
  A wretched star (WizLab)
  Amaemon (Lair:1)
  A shock serpent (shapeshifter) (Depths:1)
  6 skysharks
  A shadow wraith (Crypt:2)
  7 iron trolls
  6 salamander mystics
  21 deep elf knights
  A sixfirhy (Depths:2)
  2 anaconda zombies (Crypt:3)
  4 goliath frogs
  A death drake (shapeshifter) (Depths:1)
  9 glowing orange brains
  6 swamp dragons
  2 flayed ghosts
  4 arcanists
  26 mana vipers
  17 skeletal warriors
  A harpy (Vaults:4)
  16 bog bodies
  2 spriggan druids
  A swamp dragon (shapeshifter) (Vaults:5)
  53 deep trolls
  2 orange crystal statues
  9 phantasmal warriors
  14 lindwurms
  A mana viper (shapeshifter) (Depths:1)
  An obsidian statue (Snake:2)
  6 deep elf archers
  16 ironbound convokers
  11 necromancers
  13 orc knights
  4 naga ritualists
  2 bunyip skeletons (Crypt:3)
  An anaconda skeleton (Crypt:2)
  9 starcursed masses (WizLab)
  36 deep elf pyromancers
  A harpy (shapeshifter) (Vaults:5)
  A frost giant zombie (Crypt:1)
  25 deep elf zephyrmancers
  2 will-o-the-wisps
  A wolf spider (D:14)
  7 manticores
  A manticore (shapeshifter) (Vaults:5)
  6 orc sorcerers
  Maurice (D:7)
  19 salamanders
  4 large abominations (Depths:3)
  A stone giant zombie (Crypt:3)
  25 ugly things
  10 cyclopes
  A meliai (shapeshifter) (Elf:1)
  6 moths of wrath
  17 naga magi
  34 black mambas
  12 elephants
  3 water nymphs (Zot:3)
  15 vault sentinels
  12 cane toads
  A torpor snail (shapeshifter) (Elf:1)
  An orange demon (Lair:1)
  3 smoke demons
  An alligator snapping turtle zombie (Crypt:3)
  11 guardian serpents
  4 kobold blastminers
  An ice statue (IceCv)
  3 molten gargoyles (Lair:5)
  9 gargoyles
  An unseen horror (D:12)
  7 eyes of devastation (WizLab)
  An unseen horror (shapeshifter) (Elf:1)
  5 rime drakes
  2 efreet (D:13)
  A kobold demonologist (D:12)
  A hellion (Depths:2)
  51 yaktaurs
  9 komodo dragons
  7 freezing wraiths
  5 tengu conjurers
  8 trolls
  A komodo dragon (shapeshifter) (Vaults:5)
  A yaktaur skeleton (Vaults:3)
  2 red devils (Volcano)
  A harpy zombie (Crypt:3)
  7 polar bears
  A polar bear (shapeshifter) (D:13)
  17 hornets
  54 saltlings (Desolation)
  5 tyrant leeches
  A blink frog (shapeshifter) (D:14)
  A culicivora zombie (Crypt:1)
  17 blink frogs
  A hydra skeleton (Crypt:2)
  A harpy skeleton (Crypt:3)
  30 slime creatures
  A glass eye (shapeshifter) (Depths:2)
  2 glass eyes (Depths:3)
  2 dream sheep (shapeshifter) (Vaults:5)
  4 shadows
  2 air elementals (Elf:1)
  5 wyverns
  8 wraiths
  15 spriggans
  48 yaks
  16 basilisks
  8 small abominations (Depths:3)
  A water elemental (Elf:3)
  11 wargs
  20 fire elementals
  An elf skeleton (Vaults:3)
  8 golden eyes
  A neqoxec (WizLab)
  A hog (shapeshifter) (D:13)
  3 chaos spawn (Depths:3)
  4 steam dragons
  18 vampire mosquitoes
  A yaktaur simulacrum (Vaults:3)
  A swamp worm (shapeshifter) (Elf:1)
  A wind drake skeleton (Crypt:2)
  35 nagas
  2 acid dragons
  18 swamp worms
  18 water moccasins
  A demonspawn zombie (Crypt:1)
  7 swamp drakes (Swamp:4)
  7 hell hounds
  3 black bears
  38 orc warriors
  13 ogres
  An ice beast (D:8)
  32 laughing skulls
  29 wolves
  3 centaurs
  An elf simulacrum (Vaults:3)
  A rime drake zombie (Crypt:2)
  A phantom (D:7)
  2 elf zombies (Ossuary)
  A kobold brigand (D:9)
  A vine stalker zombie (Crypt:1)
  13 bullfrogs
  3 earth elementals (Elf:3)
  2 gnoll sergeants
  2 scorpions
  A raiju zombie (Crypt:1)
  17 killer bees
  4 howler monkeys
  A shapeshifter skeleton (Crypt:2)
  An electric eel (Lair:3)
  8 lava snakes
  A bombardier beetle (D:7)
  A centaur zombie (Ossuary)
  7 jellies
  A spectral scorpion (Ossuary)
  13 orc priests
  6 hounds
  4 human zombies (Ossuary)
  A sleepcap (D:4)
  2 iguanas (D:5)
  Natasha (thrice) (D:3)
  21 orc wizards
  3 hell rats
  2 crocodile zombies (Ossuary)
  2 spectral hounds (Ossuary)
  A naga zombie (Crypt:2)
  A scorpion simulacrum (Ossuary)
  3 mummies
  Robin (D:3)
  5 gnolls (D:7)
  A howler monkey skeleton (Crypt:2)
  6 adders
  8 river rats (Lair:3)
  2 hound simulacra (Ossuary)
  A shadow imp (D:7)
  13 white imps
  2 ufetubi (D:5)
  4 spectral adders (Ossuary)
  An iguana zombie (Crypt:1)
  2 spectral gnolls (Ossuary)
  An iguana skeleton (Crypt:2)
  A ribbon worm (D:2)
  3 dart slugs
  4 adder simulacra (Ossuary)
  99 orcs
  5 ball pythons
  A bat skeleton (Crypt:2)
  10 endoplasms
  3 giant cockroaches
  5 gnoll zombies (Ossuary)
  20 goblins
  13 hobgoblins
  7 jackals
  13 quokkas
  5 bats
  A dart slug zombie (Crypt:1)
  5 frilled lizards
  A gnoll simulacrum (Ossuary)
  4 jackal simulacra (Ossuary)
  12 kobolds
  5 kobold zombies (Ossuary)
  An orc skeleton (Crypt:1)
  6 orc zombies (Ossuary)
  6 rats
  2 spectral jackals (Ossuary)
  2 aspiring fleshes (Zot:3)
  6 starspawn tentacles (WizLab)
2368 creatures vanquished.

Vanquished Creatures (others)
  A water elemental (Elf:2)
  An orc (Orc:1)
  9 foxfires
  68 spectral weapons
  8 starspawn tentacles (WizLab)
87 creatures vanquished.

Grand Total: 2455 creatures vanquished

Notes
Turn   | Place    | Note
-------+----------+-------------------------------------------
     0 | D:1      | elliptic the Coglin Cinder Acolyte began the quest for the
                  | Orb.
     0 | D:1      | Reached XP level 1. HP: 18/18 MP: 2/2
    27 | D:1      | Reached skill level 3 in Maces & Flails
   115 | D:1      | Reached XP level 2. HP: 22/24 MP: 3/3
   118 | D:1      | Learned a level 2 spell: Scorch
   287 | D:1      | Reached XP level 3. HP: 20/29 MP: 4/4
   870 | D:2      | Reached XP level 4. HP: 30/35 MP: 5/5
  1298 | D:2      | Found a faded altar of an unknown god.
  1675 | D:3      | Noticed Robin
  1685 | D:3      | Killed Robin
  1686 | D:3      | Reached XP level 5. HP: 37/41 MP: 6/6
  1870 | D:3      | Found a hazy altar of Hepliaklqana.
  1871 | D:3      | Found a shimmering altar of Xom.
  1872 | D:3      | Noticed a spectral ugly thing
  2128 | D:3      | Noticed Natasha
  2134 | D:3      | Killed Natasha
  2179 | D:3      | Noticed Natasha
  2186 | D:3      | Killed Natasha
  2265 | D:3      | Identified the +1 leather armour of the Camelopard {rC++
                  | rN+}
  2483 | D:3      | Noticed Natasha
  2486 | D:3      | Killed Natasha
  2487 | D:3      | Reached XP level 6. HP: 45/49 MP: 7/7
  3044 | D:4      | Noticed a black bear
  3051 | D:4      | Killed a black bear
  3110 | D:4      | Reached skill level 6 in Fighting
  3110 | D:4      | Reached XP level 7. HP: 58/58 MP: 8/8
  3141 | D:4      | Identified the ring "Ycwa" {rF+ Int+4}
  3377 | D:4      | Found a glowing golden altar of the Shining One.
  3646 | D:5      | Entered Level 5 of the Dungeon
  3756 | D:5      | Identified the +1 chain mail "Labesmee" {Int+2}
  3984 | D:5      | Found Miatud's Antique Weapon Boutique.
  4017 | D:5      | hm
  4017 | D:5      | Bought a fading spear for 224 gold pieces
  4017 | D:5      | Identified the +1 spear "Onijefua" {venom, Int+4 Dex-2}
                  | (You bought it in a shop on level 5 of the Dungeon)
  4017 | D:5      | I guess
  4124 | D:5      | Reached skill level 1 in Polearms
  4273 | D:5      | Reached XP level 8. HP: 67/67 MP: 9/9
  4583 | D:6      | Reached skill level 3 in Polearms
  4694 | D:6      | ow why
  4697 | D:6      | hm
  4938 | D:6      | Noticed a manticore
  4950 | D:6      | Killed a manticore
  5090 | D:6      | Reached skill level 1 in Armour
  5292 | D:7      | Reached XP level 9. HP: 75/75 MP: 10/10
  5310 | D:7      | Reached skill level 3 in Armour
  5382 | D:7      | Found a staircase to the Ecumenical Temple.
  5426 | D:7      | Noticed Maurice
  5427 | D:7      | why
  5440 | D:7      | Something stole 5 javelins
  5441 | D:7      | Killed Maurice
  5442 | D:7      | Reached skill level 9 in Fighting
  5467 | D:7      | Found a sand-covered staircase.
  5471 | Ossuary  | Entered an ossuary
  5763 | Ossuary  | Reached skill level 1 in Dodging
  6350 | D:7      | Reached XP level 10. HP: 83/85 MP: 11/11
  7034 | D:8      | Reached skill level 6 in Polearms
  7040 | D:8      | eh
  7281 | D:8      | Identified the +4 dagger of Law {spect, MP+9}
  7337 | D:8      | Noticed Gastronok
  7369 | D:8      | Killed Gastronok
  7417 | D:8      | Found a radiant altar of Vehumet.
  7559 | D:8      | Acquired the +3 pair of mountain boots {steadfast, rC+}
  7559 | D:8      | Found the +3 pair of mountain boots {steadfast, rC+}
  7566 | D:8      | Acquired a manual of Polearms
  7934 | D:9      | Identified the +9 dagger "Osy Syry" {flame, rPois}
  7938 | D:9      | Found a runed translucent door.
  7938 | D:9      | Found a shimmering altar of Xom.
  7938 | D:9      | Noticed Persephone's ghost (novice MDFi)
  7939 | D:9      | Noticed a +1 long sword of chaos
  8070 | D:9      | Found a snail-covered altar of Cheibriados.
  8246 | D:9      | Found a staircase to the Orcish Mines.
  8380 | D:9      | Found Iquh's Antique Armour Boutique.
  8382 | D:9      | Found a broken altar of Ashenzari.
  8653 | D:9      | Reached skill level 9 in Polearms
  8812 | D:9      | Bought a glowing cloak for 142 gold pieces
  8836 | D:10     | Entered Level 10 of the Dungeon
  8927 | D:10     | Noticed a gargoyle
  8934 | D:10     | Killed a gargoyle
  9130 | D:10     | Reached XP level 11. HP: 77/90 MP: 12/12
  9256 | D:10     | Noticed an orange crystal statue
  9315 | D:10     | what even is this vault
  9380 | D:10     | Found a white marble altar of Elyvilon.
  9650 | D:10     | Found a shimmering blue altar of Sif Muna.
  9688 | D:11     | Noticed a two-headed ogre
  9748 | D:11     | Found a frozen archway.
  9842 | IceCv    | Entered an ice cave
  9888 | IceCv    | Reached skill level 3 in Dodging
 10019 | IceCv    | Noticed a death yak
 10025 | IceCv    | Reached skill level 12 in Polearms
 10048 | IceCv    | Killed a death yak
 10382 | IceCv    | Reached skill level 6 in Armour
 10601 | IceCv    | Noticed a death yak
 10601 | IceCv    | Noticed a death yak
 10640 | IceCv    | Killed a death yak
 10698 | IceCv    | Noticed a death yak
 10718 | IceCv    | Killed a death yak
 10719 | IceCv    | Reached XP level 12. HP: 76/97 MP: 13/13
 10728 | IceCv    | hm
 10728 | IceCv    | HP: 15/97 [death yak (18)]
 10729 | IceCv    | oh
 10729 | IceCv    | uh this is dangerous oops
 10730 | IceCv    | Killed a death yak
 11020 | IceCv    | Noticed a death yak
 11044 | IceCv    | Killed a death yak
 11490 | IceCv    | Noticed a death yak
 11490 | IceCv    | Noticed a frost giant
 11490 | IceCv    | Noticed a death yak
 11508 | IceCv    | Killed a death yak
 11517 | IceCv    | Killed a frost giant
 11518 | IceCv    | Reached skill level 9 in Armour
 11523 | IceCv    | Killed a death yak
 11622 | IceCv    | Got the Incunabulum of the Dismal Salvo
 11634 | IceCv    | meh
 11763 | D:11     | Killed a two-headed ogre
 12215 | D:11     | Found a staircase to the Lair.
 12388 | D:11     | hm
 12671 | D:12     | Noticed a two-headed ogre
 12674 | D:12     | Killed a two-headed ogre
 12675 | D:12     | Reached skill level 12 in Fighting
 12753 | D:12     | Gained mutation: Your flesh is cold resistant. (rC+)
                  | [Coglin growth]
 12753 | D:12     | Gained mutation: Your flesh is heat resistant. (rF+)
                  | [Coglin growth]
 12753 | D:12     | Reached XP level 13. HP: 89/108 MP: 14/14
 12753 | D:12     | oh right
 13129 | D:12     | Identified the +7 mace "Rich" {freeze, ^Fragile rF+ MP+9
                  | Int+5}
 13169 | D:12     | maybe should train maces, hm
 13567 | D:12     | Reached skill level 6 in Maces & Flails
 13572 | D:12     | Noticed Azrael
 13576 | D:12     | what
 13576 | D:12     | good yab
 13576 | D:12     | tab
 13686 | Lair:1   | Entered Level 1 of the Lair of Beasts
 13726 | Lair:1   | Found a broken altar of Ashenzari.
 14245 | Lair:1   | Noticed Urug
 14249 | Lair:1   | meh
 14249 | Lair:1   | hm
 14272 | Lair:1   | Killed Urug
 14878 | Lair:1   | hm
 15456 | Lair:1   | Noticed Amaemon
 15460 | Lair:1   | okay
 15479 | Lair:1   | Reached skill level 9 in Maces & Flails
 15518 | Lair:1   | Killed Amaemon
 15519 | Lair:1   | Reached XP level 14. HP: 85/116 MP: 15/15
 15555 | Lair:1   | meh
 15772 | Temple   | Entered the Ecumenical Temple
 15788 | Temple   | Fell from the grace of Ignis
 15788 | Temple   | Became a worshipper of Warmaster Okawaru
 16238 | Lair:2   | Reached * piety under Okawaru
 16354 | Lair:2   | Reached skill level 1 in Invocations
 17341 | Lair:3   | Reached ** piety under Okawaru
 17418 | Lair:3   | Found a staircase to the Swamp.
 17675 | Lair:3   | Found a staircase to the Snake Pit.
 18321 | Lair:4   | Found a dark tunnel.
 18329 | Volcano  | Entered a volcano
 18513 | Volcano  | ow
 18893 | Lair:4   | Reached *** piety under Okawaru
 19076 | Lair:4   | Gained mutation: Your natural rate of healing is unusually
                  | fast. [potion of mutation]
 19076 | Lair:4   | Gained mutation: You possess an exceptional clarity of
                  | mind. [potion of mutation]
 19351 | Lair:4   | Reached **** piety under Okawaru
 19352 | Lair:4   | Reached skill level 12 in Maces & Flails
 19629 | Lair:4   | Reached skill level 3 in Invocations
 19795 | Lair:5   | Entered Level 5 of the Lair of Beasts
 19812 | Lair:5   | Reached ***** piety under Okawaru
 20116 | Lair:5   | Found a staircase to the Slime Pits.
 20146 | Lair:5   | Found a viscous altar of Jiyva.
 20286 | Lair:5   | Received a gift from Okawaru
 20301 | Lair:5   | Reached XP level 15. HP: 102/122 MP: 19/19
 20406 | Lair:5   | Reached skill level 6 in Invocations
 20681 | Lair:5   | eh
 20850 | Orc:1    | Entered Level 1 of the Orcish Mines
 20850 | Orc:1    | Noticed Erica
 20857 | Orc:1    | Killed Erica
 20878 | Orc:1    | Received a gift from Okawaru
 20916 | Orc:1    | Noticed Harold
 20920 | Orc:1    | Killed Harold
 21038 | Orc:1    | Found a roughly hewn altar of Beogh.
 21121 | Orc:2    | Entered Level 2 of the Orcish Mines
 21121 | Orc:2    | Found Irhoe's General Store.
 21285 | Orc:2    | Bought a potion of heal wounds for 80 gold pieces
 21313 | Orc:2    | Noticed an orc warlord
 21341 | Orc:1    | Killed an orc warlord
 21480 | Orc:2    | Received a gift from Okawaru
 21537 | Orc:2    | Found Luoca's Jewellery Shop.
 21539 | Orc:2    | Noticed an orc warlord
 21655 | Orc:1    | Killed an orc warlord
 21908 | Orc:2    | Found a staircase to the Elven Halls.
 22009 | Orc:2    | Found Kyilul's Antique Weapon Shoppe.
 22016 | Orc:2    | Paralysed by an orc sorcerer for 5 turns
 22031 | Orc:2    | Bought a runed broad axe for 231 gold pieces
 22119 | Orc:2    | Found a transporter.
 22119 | Orc:2    | Noticed zeratav's ghost (journeyman MiFi)
 22126 | Orc:2    | Found a transporter.
 22202 | Orc:2    | Found Arogh's Antique Armour Shop.
 22549 | Orc:2    | Was forgiven by Ignis
 22550 | Orc:2    | yay
 22584 | Orc:1    | uh
 22685 | Orc:2    | Reached ****** piety under Okawaru
 22686 | Orc:2    | meh
 22686 | Orc:2    | Acquired the +0 pair of gloves "Nocile Qegi" {Rampage}
 22686 | Orc:2    | Received a gift from Okawaru
 22695 | Orc:2    | Acquired a +4 demon trident of venom
 22695 | Orc:2    | Received a gift from Okawaru
 22943 | Lair:5   | Received a gift from Okawaru
 23101 | Lair:5   | Found a large runed translucent door.
 23103 | Lair:5   | Found a large runed translucent door.
 23214 | Lair:5   | Received a gift from Okawaru
 23706 | D:9      | Killed Persephone's ghost
 23891 | D:12     | Killed Azrael
 24209 | D:12     | Noticed Sonja
 24215 | D:12     | Killed Sonja
 24391 | D:13     | Received a gift from Okawaru
 24429 | D:13     | Reached XP level 16. HP: 119/133 MP: 21/21
 24439 | D:13     | Found a gate to the Vaults.
 24566 | D:13     | Found a portal to a secret trove of treasure.
 24573 | D:13     | sure
 24575 | Trove    | Entered a treasure trove
 24580 | Trove    | Found the +3 pair of seven-league boots {Rampage+∞}
 24582 | Trove    | Identified the +2 flail of Heono {flame, Dex+2}
 24592 | Trove    | Got Further Progress in Willworking
 24599 | Trove    | Identified the amulet "Exzosmac" {Reflect rC+ rN+ Int+2
                  | SH+5}
 24601 | Trove    | Identified the amulet "Xudav" {Spirit rC+ Dex-3 SInv
                  | Stlth+}
 24611 | Trove    | meh?
 24611 | Trove    | oh I probably should have taken off faith first
 24611 | Trove    | well whatever
 24845 | D:13     | Identified the +0 chain mail of the Platytaur {rF+ Regen+}
 25016 | D:13     | Identified the +3 short sword of Lust {heavy, MP+9 Int+2
                  | Dex+2}
 25065 | D:13     | Identified the ring of Gluttony {Ice *Corrode Int+7 Slay-6}
 25070 | D:13     | Got the Tome of Atheism
 25108 | D:13     | Identified the +2 chain mail of Ufaer {*Slow Will+++ Str-2
                  | Int+7}
 25283 | D:14     | Noticed Jorgrun
 25286 | D:14     | oh
 25289 | D:14     | Killed Jorgrun
 25290 | D:14     | bad spectral?
 25346 | D:14     | Reached skill level 15 in Fighting
 25931 | D:15     | Entered Level 15 of the Dungeon
 26329 | D:15     | Found a blossoming altar of Fedhas.
 26488 | D:15     | Found a staircase to the Depths.
 26686 | D:9      | Bought distressingly furry steam dragon scales for 855 gold
                  | pieces
 26686 | D:9      | Identified the +0 steam dragon scales "Jihil" {Str+2} (You
                  | bought it in a shop on level 9 of the Dungeon)
 26829 | Snake:1  | Entered Level 1 of the Snake Pit
 26846 | Snake:1  | HP: 27/136 [naga ritualist/Olgreb's Toxic Radiance (2)]
 26989 | Snake:1  | Got Sif Muna's Compendium of Resplendent Cold
 27197 | Snake:1  | Noticed a nagaraja
 27204 | Snake:1  | Killed a nagaraja
 27205 | Snake:1  | Reached skill level 15 in Maces & Flails
 27440 | Snake:2  | Found a runed translucent gate.
 27440 | Snake:2  | Found a runed translucent gate.
 27440 | Snake:2  | Found an opulent altar of Gozag.
 27529 | Snake:2  | Reached XP level 17. HP: 117/142 MP: 23/23
 27814 | Snake:2  | Got Edaluote's Cyclopedia of Direction
 27905 | Snake:2  | Received a gift from Okawaru
 28241 | Snake:2  | Noticed Vashnia
 28283 | Snake:2  | Killed Vashnia
 28430 | Snake:2  | Found a runed translucent gate.
 28432 | Snake:2  | Found Ykeass's Assorted Antiques.
 28592 | Snake:2  | Noticed Woezunes's ghost (adept FeSu)
 28603 | Snake:2  | why
 28626 | Snake:2  | Killed Woezunes's ghost
 28704 | Snake:2  | Bought a scroll of teleportation for 126 gold pieces
 28704 | Snake:2  | Bought a potion of curing for 126 gold pieces
 29091 | Snake:3  | Reached skill level 12 in Armour
 29181 | Snake:3  | Received a gift from Okawaru
 29243 | Snake:3  | Found Bucek's Jewellery Emporium.
 29582 | Snake:3  | Found Afetz's Distillery.
 29680 | Snake:3  | Bought a potion of heal wounds for 80 gold pieces
 29680 | Snake:3  | Bought a potion of heal wounds for 80 gold pieces
 29680 | Snake:3  | Bought a potion of might for 64 gold pieces
 29680 | Snake:3  | Bought a potion of curing for 48 gold pieces
 29680 | Snake:3  | Bought a potion of curing for 48 gold pieces
 29782 | Snake:3  | Found Liokhoen's Jewellery Shop.
 29782 | Snake:3  | Found Hadgh's Book Shoppe.
 29783 | Snake:3  | Found Jafrutu's Jewellery Shop.
 29793 | Snake:3  | Bought an amulet of regeneration for 420 gold pieces
 29917 | Snake:3  | Reached XP level 18. HP: 136/154 MP: 24/24
 29937 | Snake:3  | Found Yliczuso's Distillery.
 29953 | Snake:3  | Found Irchisuc's Assorted Antiques.
 30100 | Snake:4  | Entered Level 4 of the Snake Pit
 30109 | Snake:3  | Reached skill level 6 in Dodging
 30389 | Snake:4  | Reached skill level 9 in Invocations
 30441 | Snake:4  | Received a gift from Okawaru
 30551 | Snake:4  | Identified the +1 scale mail of Skepticism {Fly Str+5}
 31010 | Snake:4  | Found Nipeynin's Magic Scroll Emporium.
 31013 | Snake:4  | Found Zyelul's Jewellery Emporium.
 31013 | Snake:4  | Found Nair's Antique Armour Shoppe.
 31046 | Snake:4  | Found Estriwos's Book Shoppe.
 31581 | Snake:4  | Received a gift from Okawaru
 31736 | Snake:4  | Reached skill level 18 in Fighting
 31761 | Snake:4  | Found an iron altar of Okawaru.
 31775 | Snake:4  | Got a serpentine rune of Zot
 31918 | Swamp:1  | Entered Level 1 of the Swamp
 32402 | Swamp:1  | Received a gift from Okawaru
 32915 | Swamp:2  | Identified the +2 broad axe "Faicua Quda" {elec, Int+3}
 33090 | Swamp:2  | Noticed Mlioglotl
 33097 | Swamp:2  | Killed Mlioglotl
 33340 | Swamp:3  | Reached XP level 19. HP: 166/166 MP: 26/26
 33362 | Swamp:3  | Received a gift from Okawaru
 33367 | Swamp:3  | Identified the ring of the Bull {Fly rC+ Will+ Str+6 Int-3}
 33653 | Swamp:3  | Identified the serpent talisman of the Game Afoot {Int+3
                  | Dex+4 Slay-2}
 33653 | Swamp:3  | Noticed Aizul
 33670 | Swamp:3  | Killed Aizul
 33929 | Swamp:4  | Entered Level 4 of the Swamp
 33939 | Swamp:4  | Noticed Nikola
 33952 | Swamp:4  | Killed Nikola
 34005 | Swamp:4  | Noticed a tentacled monstrosity
 34018 | Swamp:4  | Killed a tentacled monstrosity
 34119 | Swamp:4  | hm
 34137 | Swamp:4  | Received a gift from Okawaru
 34507 | Swamp:4  | Got a decaying rune of Zot
 34996 | Elf:1    | Entered Level 1 of the Elven Halls
 35017 | Elf:1    | Received a gift from Okawaru
 35179 | Elf:1    | Noticed Roxanne
 35195 | Elf:1    | Killed Roxanne
 35299 | Elf:1    | Noticed a Hell Sentinel
 35341 | Elf:1    | Found Neuclui's Weapon Boutique.
 35399 | Elf:1    | Paralysed by an air elemental for 1 turns
 35401 | Elf:1    | Paralysed by an air elemental for 1 turns
 35438 | Elf:1    | Received a gift from Okawaru
 35632 | Elf:2    | ah
 35820 | Elf:2    | Received a gift from Okawaru
 35829 | Elf:2    | Reached XP level 20. HP: 161/176 MP: 26/28
 35874 | Elf:2    | Found a runed translucent gate.
 35874 | Elf:2    | Found a runed translucent gate.
 35875 | Elf:2    | Found a runed translucent gate.
 36006 | Elf:2    | Reached skill level 12 in Invocations
 36146 | Elf:1    | Got Seasuoc's Vellum of Congelation
 36809 | Elf:3    | Entered Level 3 of the Elven Halls
 36847 | Elf:3    | Received a gift from Okawaru
 36855 | Elf:3    | oh
 37015 | Elf:3    | Found a runed translucent gate.
 37015 | Elf:3    | Noticed mdonais's ghost (adept MDFi)
 37016 | Elf:3    | Found a runed translucent gate.
 37016 | Elf:3    | Found a runed translucent gate.
 37055 | Elf:3    | Reached skill level 21 in Fighting
 37292 | Abyss:3  | Cast into level 3 of the Abyss (deep elf pyromancer)
 37293 | Abyss:3  | sigh
 37309 | Elf:3    | Escaped the Abyss
 37548 | Elf:3    | Killed mdonais's ghost
 37556 | Elf:3    | Received a gift from Okawaru
 37599 | Elf:3    | um
 37791 | Vaults:1 | Entered Level 1 of the Vaults
 38393 | Vaults:1 | Received a gift from Okawaru
 38460 | Vaults:1 | Reached XP level 21. HP: 189/189 MP: 30/30
 38498 | Vaults:1 | Reached skill level 15 in Armour
 38727 | Vaults:1 | Found a glowing golden altar of the Shining One.
 39036 | Vaults:1 | Identified the +4 morningstar of Integrity {pain, rCorr}
 39155 | Vaults:2 | Received a gift from Okawaru
 39527 | Vaults:2 | why
 39531 | Vaults:2 | Found an ancient bone altar of Kikubaaqudgha.
 39531 | Vaults:2 | Found a staircase to the Crypt.
 39531 | Vaults:2 | Found a basalt altar of Yredelemnul.
 39532 | Vaults:2 | why
 39626 | Vaults:2 | Noticed Margery
 39653 | Vaults:2 | Killed Margery
 39698 | Vaults:2 | Identified the orb of Twilight {light, Harm Int+3}
 39698 | Vaults:2 | Noticed Frederick
 39713 | Vaults:2 | Killed Frederick
 39752 | Vaults:2 | Received a gift from Okawaru
 40362 | Vaults:3 | Found a magical portal.
 40371 | WizLab   | Entered Lehudib's Moon Base
 40513 | WizLab   | Reached skill level 24 in Fighting
 40717 | WizLab   | Received a gift from Okawaru
 40813 | WizLab   | Identified the ring "Qudai" {EV+5 Dex+3}
 40823 | WizLab   | Gained mutation: You are weak. (Str -2) [a cacodemon]
 40824 | WizLab   | :(
 40856 | WizLab   | Found a transporter.
 40909 | WizLab   | Reached XP level 22. HP: 190/204 MP: 31/31
 41130 | WizLab   | Found a transporter.
 41418 | WizLab   | meh
 41583 | Vaults:3 | Reached XP level 23. HP: 212/212 MP: 32/32
 41590 | Vaults:3 | Received a gift from Okawaru
 41890 | Vaults:3 | Noticed Bai Suzhen
 41907 | Vaults:3 | Killed Bai Suzhen
 41995 | Vaults:3 | Noticed Mara
 42003 | Vaults:3 | Killed Mara
 42178 | Vaults:3 | Found Esiwk's Antique Weapon Emporium.
 42197 | Vaults:3 | Bought a glowing broad axe for 280 gold pieces
 42198 | Vaults:3 | Bought a glowing broad axe for 280 gold pieces
 42204 | Vaults:3 | Identified the +4 robe "Ebaufe" {Stlth+}
 42204 | Vaults:3 | Noticed Boris
 42211 | Vaults:3 | Killed Boris
 42354 | Vaults:4 | Found a crumbling gateway.
 42385 | Desolati | Entered the Desolation of Salt
 42668 | Desolati | Received a gift from Okawaru
 42960 | Desolati | Identified the staff "Ycsoun" {rN+ rCorr SInv Stlth- Necro
                  | Tloc}
 42963 | Desolati | Identified the ring "Gatsoqaw" {rF- MP+9 Str+5 Int+2 SInv}
 42979 | Desolati | Identified the +2 falchion of the Nice God {vamp, rC+ Str+2
                  | Stlth+}
 43060 | Desolati | Got Uwonnish's Incunable of Melanosis and Diablerie
 43235 | Vaults:4 | Received a gift from Okawaru
 43267 | Vaults:4 | Reached skill level 27 in Fighting
 43560 | Vaults:4 | Reached XP level 24. HP: 167/227 MP: 26/32
 43800 | Vaults:4 | Received a gift from Okawaru
 43817 | Vaults:4 | Found Puituaf's Weapon Shoppe.
 43849 | Vaults:4 | Upgraded the game from 0.32-a0-468-g38b2580584 to
                  | 0.32-a0-473-gd044c6f0f0
 44576 | Crypt:1  | Entered Level 1 of the Crypt
 44595 | Crypt:1  | Noticed Xtahua
 44606 | Crypt:1  | Killed Xtahua
 44844 | Crypt:1  | Reached skill level 6 in Axes
 45269 | Crypt:2  | Found a transporter.
 45302 | Crypt:2  | Received a gift from Okawaru
 45575 | Crypt:2  | Found a transporter.
 45739 | Crypt:2  | Reached skill level 9 in Axes
 45774 | Crypt:2  | Identified the +9 shortbow of Ythruuhu {heavy, rF+ rCorr
                  | Int+3}
 45919 | Crypt:2  | Noticed an ancient lich
 45951 | Crypt:2  | Killed an ancient lich
 46037 | Crypt:3  | Entered Level 3 of the Crypt
 46092 | Crypt:3  | Noticed Sojobo
 46120 | Crypt:3  | Killed Sojobo
 46227 | Crypt:3  | Noticed a royal mummy
 46245 | Crypt:3  | Killed a royal mummy
 46250 | Crypt:3  | Noticed Khufu
 46259 | Crypt:3  | Killed Khufu
 46260 | Crypt:3  | Noticed a royal mummy
 46269 | Crypt:3  | Killed a royal mummy
 46269 | Crypt:3  | Received a gift from Okawaru
 46637 | Crypt:3  | Got the Omnibus of the Cemetery
 46739 | Crypt:3  | Found a staircase to the Tomb.
 46804 | Crypt:3  | Reached XP level 25. HP: 228/234 MP: 32/32
 46924 | Crypt:3  | Identified the +4 robe of the Arcane {-Cast +Inv rC-
                  | Will+++ Str+4}
 46924 | Crypt:3  | Noticed Boris
 46934 | Crypt:3  | Killed Boris
 46954 | Crypt:3  | Noticed an ancient lich
 46958 | Crypt:3  | Killed an ancient lich
 46964 | Crypt:3  | Found an ancient bone altar of Kikubaaqudgha.
 47303 | Vaults:4 | Bought the +5 broad axe "Killer Bee's Foe" {vamp, rPois
                  | Str+4 Dex-4} for 626 gold pieces
 47552 | Depths:1 | Entered Level 1 of the Depths
 47559 | Depths:1 | Reached skill level 18 in Armour
 47616 | Depths:1 | Found a gateway to Hell.
 47720 | Depths:1 | Received a gift from Okawaru
 47789 | Depths:1 | Noticed Norris
 47810 | Depths:1 | what
 47812 | Depths:1 | what are these messages
 47812 | Depths:1 | seems way over the top
 47817 | Depths:1 | oops
 47826 | Depths:1 | Killed Norris
 47863 | Depths:1 | Found an opulent altar of Gozag.
 47954 | Depths:1 | Found a one-way gate leading to the halls of Pandemonium.
 48085 | Depths:1 | Noticed a juggernaut
 48100 | Depths:1 | Killed a juggernaut
 48317 | Depths:1 | Received a gift from Okawaru
 48806 | Depths:2 | Found a runed translucent door.
 49128 | Depths:2 | Found a one-way gateway to a ziggurat.
 49128 | Depths:2 | Noticed Saint Roka
 49156 | Depths:2 | Killed Saint Roka
 49453 | Depths:2 | Received a gift from Okawaru
 49481 | Depths:2 | Found a runed translucent door.
 49488 | Depths:2 | Noticed a dread lich
 49490 | Depths:2 | Noticed Jehehi's ghost (veteran DgCj)
 49943 | Depths:2 | Reached XP level 26. HP: 221/242 MP: 32/32
 49974 | Depths:3 | Reached skill level 21 in Armour
 50269 | Depths:3 | Noticed a juggernaut
 50279 | Depths:3 | Killed a juggernaut
 50338 | Depths:3 | Received a gift from Okawaru
 50597 | Depths:3 | Found Ehylabb's Magic Scroll Shoppe.
 50602 | Depths:3 | Bought a scroll of teleportation for 30 gold pieces
 50602 | Depths:3 | Bought a scroll of teleportation for 30 gold pieces
 50602 | Depths:3 | Bought a scroll of blinking for 75 gold pieces
 50602 | Depths:3 | Bought a scroll of blinking for 75 gold pieces
 50606 | Depths:3 | Bought a scroll of fear for 40 gold pieces
 50636 | Depths:3 | Found a one-way gate to the infinite horrors of the Abyss.
 51568 | Depths:4 | Entered Level 4 of the Depths
 51795 | Depths:4 | Found Nakhlyn's Assorted Antiques.
 51803 | Depths:4 | Bought a scroll of teleportation for 123 gold pieces
 51803 | Depths:4 | Bought a scroll of teleportation for 123 gold pieces
 51883 | Depths:4 | Found a corrupted altar of Lugonu.
 51946 | Depths:4 | Received a gift from Okawaru
 52255 | Depths:4 | ow why
 52256 | Depths:4 | what even is this
 52363 | Depths:4 | Found a gate to the Realm of Zot.
 53310 | Depths:3 | Bought a scroll of enchant weapon for 75 gold pieces
 53615 | Vaults:5 | Entered Level 5 of the Vaults
 53880 | Vaults:5 | Received a gift from Okawaru
 54069 | Vaults:5 | Reached XP level 27. HP: 249/249 MP: 32/32
 54126 | Vaults:5 | Received a gift from Okawaru
 54169 | Vaults:5 | Reached skill level 24 in Armour
 54218 | Vaults:5 | Identified the +4 battleaxe "Sutacae" {flame, Will+}
 54218 | Vaults:5 | Identified the ring of the First Towns {*Corrode rPois EV+5
                  | Int+2}
 54219 | Vaults:5 | Paralysed by an orc sorcerer for 5 turns
 54254 | Vaults:5 | Identified the +7 quick blade of Blood-Lust {elec, rPois
                  | rC+ rN+ Dex+2}
 54264 | Vaults:5 | Identified the +0 ice dragon scales of Sin {*Corrode rPois
                  | rF- rC++ Int+9 Dex-3}
 54424 | Vaults:5 | Got a silver rune of Zot
 54450 | Vaults:5 | too late
 54535 | Vaults:5 | Got the Directory of Lithomancy
 54627 | Vaults:5 | Identified the +0 pair of boots of Starshine {Will+ Regen+
                  | Dex-5}
 55437 | Snake:3  | Bought a potion of curing for 57 gold pieces
 55437 | Snake:3  | Bought a potion of haste for 190 gold pieces
 55437 | Snake:3  | Bought a potion of might for 76 gold pieces
 55437 | Snake:3  | Bought a potion of enlightenment for 95 gold pieces
 55437 | Snake:3  | Bought a potion of cancellation for 152 gold pieces
 55437 | Snake:3  | Bought a potion of enlightenment for 95 gold pieces
 55437 | Snake:3  | Bought a potion of curing for 57 gold pieces
 55446 | Snake:3  | Bought a potion of curing for 69 gold pieces
 55446 | Snake:3  | Bought a scroll of fog for 92 gold pieces
 55446 | Snake:3  | Bought 2 potions of magic for 368 gold pieces
 55446 | Snake:3  | Bought a potion of resistance for 230 gold pieces
 55446 | Snake:3  | Bought a glowing hat for 161 gold pieces
 55506 | Snake:4  | Bought a scroll of revelation for 150 gold pieces
 55506 | Snake:4  | Bought a scroll of enchant armour for 150 gold pieces
 55506 | Snake:4  | Bought a scroll of brand weapon for 190 gold pieces
 55506 | Snake:4  | Bought a scroll of enchant armour for 150 gold pieces
 55506 | Snake:4  | Bought a scroll of fear for 80 gold pieces
 55506 | Snake:4  | Bought a scroll of brand weapon for 190 gold pieces
 55588 | Snake:2  | Bought a potion of invisibility for 336 gold pieces
 55588 | Snake:2  | Bought a potion of haste for 420 gold pieces
 55870 | Depths:3 | Bought a scroll of fog for 40 gold pieces
 55956 | Zot:1    | Entered Level 1 of the Realm of Zot
 55968 | Zot:1    | Received a gift from Okawaru
 55994 | Zot:2    | Noticed an electric golem
 56003 | Zot:2    | Killed an electric golem
 56033 | Zot:3    | Noticed a juggernaut
 56089 | Zot:3    | Killed a juggernaut
 56274 | Zot:4    | Received a gift from Okawaru
 56385 | Zot:5    | Entered Level 5 of the Realm of Zot
 56612 | Zot:5    | Got a prismatic gem with 452 turns to spare
 56765 | Zot:5    | Noticed an ancient lich
 56767 | Zot:5    | Noticed a dread lich
 56777 | Zot:5    | Killed a dread lich
 56777 | Zot:5    | Received a gift from Okawaru
 56790 | Zot:5    | Noticed a dread lich
 56791 | Zot:5    | lol
 56803 | Zot:5    | Killed a dread lich
 56807 | Zot:5    | Noticed an orb of fire
 56809 | Zot:5    | ow
 56894 | Zot:5    | Killed an ancient lich
 56948 | Zot:5    | Gained mutation: Your magical capacity is low. (-10% MP)
                  | [an orb of fire]
 56949 | Zot:5    | Killed an orb of fire
 56967 | Zot:5    | Noticed an ancient lich
 56971 | Zot:5    | Killed an ancient lich
 56972 | Zot:5    | Noticed a dread lich
 56983 | Zot:5    | Killed a dread lich
 56983 | Zot:5    | Received a gift from Okawaru
 57030 | Zot:5    | Reached skill level 27 in Armour
 57034 | Zot:5    | Noticed an ancient lich
 57034 | Zot:5    | Noticed an orb of fire
 57040 | Zot:5    | Got the Orb of Zot
 57061 | Zot:5    | Noticed an electric golem
 57061 | Zot:5    | Noticed an orb of fire
 57061 | Zot:5    | Noticed an orb of fire
 57061 | Zot:5    | Gained mutation: You occasionally shout uncontrollably at
                  | your foes. [an orb of fire]
 57224 | Depths:4 | Reached skill level 12 in Axes
 57616 | D:$      | Escaped with the Orb!

Levels and vault maps discovered:
D:1:      scummos_arrival_star, layout_rooms, serial_bayou, serial_bayou_pond_c,
          serial_bayou_pond_d, serial_bayou_pond_c, serial_bayou_pond_e
D:2:      minmay_skewed_foursquare, layout_loops_cross, basic_ecumenical_altar,
          minivault_5
D:3:      minmay_evil_eye, layout_basic, regret_index_temple_of_mockery,
          grunt_decor_cap, nicolae_titane, uniq_natasha, uniq_robin
D:4:      black_bear_nest_1, layout_loops_corners, mainiacjoe_overflow_alcove_2
D:5:      layout_basic, serial_shops, nicolae_shop_window_shopping
D:6:      layout_cave_pools, kb_rosetta
D:7:      layout_loops_ring, temple_green, nicolae_ossuary_entry_plus,
          dreamdust_princess_bridge, minmay_misc_feat_ornament, uniq_maurice
D:8:      layout_basic, mainiacjoe_overflow_24_doors, uniq_gastronok
D:9:      layout_small_grid, ashenzari_conservatory_becter,
          kennysheep_slug_shrine, hiddenorc2_lemuel, ebering_ghost_xom,
          serial_shops, shop
D:10:     layout_irregular_city, led_sif_pool, elyvilon_altar_5, disabler_island
D:11:     layout_cave_pools, erik_lair_orcish_takeover,
          portal_ice_cave_entry_imps
D:12:     minmay_imperfect_grid, layout_cave_pools, serial_column_ruins,
          column_ruins_courtyard_long, column_ruins_hut_ruined,
          column_ruins_grid_4, column_ruins_open_small_water,
          column_ruins_grid_3, column_ruins_open_medium, uniq_sonja, uniq_azrael
D:13:     minmay_the_grid_octo_tiled_squarecenter_mashed
          [minmay_the_grid_octo_checkered, minmay_the_grid_octo_horde,
          minmay_the_grid_octo_checkerflower, minmay_the_grid_octo_pinwheel,
          minmay_the_grid_square_5x5_megaprize_checkered,
          minmay_the_grid_square_5x5_fat_x, minmay_the_grid_square_5x5_two,
          minmay_the_grid_square_5x5_doubleslash,
          minmay_the_grid_square_5x5_inner_z], layout_cave_pools,
          david_vaults_4, enter_trove_2
D:14:     layout_loops_ring, kennysheep_generic_room_7, uniq_jorgrun
D:15:     grunt_enter_depths_hoard, layout_basic, fedhas_altar_3,
          hangedman_decor_riveting
Temple:   jpeg_temple_clearing
Lair:1:   layout_hall_layers, basic_altar, minivault_25, lemuel_fruit_fields,
          uniq_urug, uniq_amaemon
Lair:2:   nzn_winding_woodlands_small [nzn_winding_woodlands_5x15_pool,
          nzn_winding_woodlands_center_garden,
          nzn_winding_woodlands_5x15_twine], layout_small_grid, worms_lemuel
Lair:3:   layout_loops_ring, swamp_mist_pool, dummy_snake_entry,
          kennysheep_rathole
Lair:4:   layout_hall_layers, lightli_volcano_entry_magma_tube,
          beast_lair_carwin_9, grunt_megastairs_4
Lair:5:   cheibrodos_lair_end_hotspot, layout_regular_city,
          nicolae_slime_entry_field_trip, kennysheep_basilisk_garden
Swamp:1:  layout_basic_swamp, evilmike_swamp_ruin_house_1,
          nicolae_swamp_long_stream
Swamp:2:  layout_falls_marsh, hangedman_swamp_ruin_wall,
          infiniplex_staircase_pool, uniq_mlioglotl
Swamp:3:  layout_basic_swamp, hangedman_swamp_ruin_hall, swamp_pool_1_2,
          uniq_aizul
Swamp:4:  swamp_basic_johnstein, layout_basic_swamp, uniq_nikola
Snake:1:  layout_misc_corridors
Snake:2:  cheibrodos_forgotten_conduit, layout_basic, ebering_ghost_gozag,
          nicolae_snake_lava_pool, uniq_vashnia
Snake:3:  layout_grid_maze, serial_shops, nicolae_shop_waterfront,
          nicolae_shop_back_alley_shop, nicolae_shop_behind_doors, shop,
          serial_library_hellmonk_filled_rooms, grunt_megastairs_1,
          minmay_shop_grove
Snake:4:  grunt_snake_rune_serpentine_throne, layout_gridlike, minmay_shoptagon,
          grunt_megastairs_3
Orc:1:    layout_caves, basic_altar, uniq_harold, uniq_erica
Orc:2:    grunt_orc_gardens, layout_caves, grunt_orc_garden, grunt_orc_garden,
          grunt_orc_garden, grunt_orc_garden, gammafunk_ghost_stat_death,
          mines5_lemuel
Elf:1:    layout_loops_corners, serial_shops, shop,
          hangedman_elven_crosses_minicolossus, nicolae_elf_shapeshifter_party,
          uniq_roxanne
Elf:2:    nicolae_elf_blades_crystal_corner, layout_geoelf_grid
Elf:3:    minmay_elf_hall_x, layout_geoelf_diagonals, gammafunk_ghost_split
Vaults:1: nicolae_vaults_tangram_2, v_misc_2, v_alt_pattern_4,
          vaults_room_ringed_pool, v_misc_17, hangedman_vaults_pinch,
          lemuel_angel_altar, ontoclasm_vaults_tryst, grunt_vaults_funnel,
          ontoclasm_vaults_hangar, v_alt_pattern_3, nicolae_vaults_weapon_check,
          nicolae_vaults_wine_cellar, nicolae_vaults_specimen_jars,
          vaults_room_pool, vaults_room_fours, nicolae_vaults_house_3,
          layout_vaults_ring
Vaults:2: nicolae_vaults_diamond_2, v_rooms_6, st_quartered_hall,
          minmay_crypt_entry_necro_gods, nicolae_vaults_trapezoid_3, v_rooms_1,
          vaults_room_pool, nicolae_vaults_surprise_closet,
          nicolae_vaults_trapezoid_layered, layout_vaults_omnigrid,
          uniq_frederick, uniq_margery
Vaults:3: mu_enter_wizlab_6, v_rooms_5, nicolae_vaults_network_star,
          v_alt_pattern_1, vaults_room_corners, vaults_dpeg_emergency_exit,
          nicolae_vaults_storage_closets_2, nicolae_vaults_stepped_doors,
          nicolae_vaults_storage_closets_1, v_misc_8, v_misc_25,
          nicolae_vaults_layer_cake_slice, nicolae_vaults_little_squares_6,
          layout_vaults_omnibox, serial_shops, nicolae_shop_window_shopping,
          uniq_bai_suzhen, uniq_boris, uniq_mara
Vaults:4: portal_desolation_entry_twin_temple, nicolae_vaults_turnstiles,
          nicolae_vaults_yaktaur_gun_rack, nicolae_vaults_what_the_h,
          nicolae_vaults_storage_room_glass, nicolae_vaults_arrows,
          ontoclasm_vaults_decontamination, nicolae_vaults_little_squares_1,
          v_misc_11, nicolae_vaults_diamond_1, layout_vaults_maze_snakey,
          serial_shops, nicolae_diamond_shop
Vaults:5
Crypt:1:  layout_regular_city, nicolae_crypt_tucked_away, uniq_xtahua
Crypt:2:  gammafunk_its_a_trap, layout_basic
Crypt:3:  cryptofortress_bobbens, uniq_khufu, uniq_sojobo
Depths:1: nicolae_legendary_halls, layout_long_grid, kennysheep_big_empty_room,
          pan_entry, grunt_hell_entry_dis_mu, grunt_gozag_breadcrumbs,
          uniq_norris
Depths:2: minmay_distorted_concentric_squares, layout_cave_shapes,
          enter_ziggurat_f, muffindrake_ghost_dual_entry, serial_column_ruins,
          column_ruins_courtyard_long, column_ruins_open_small,
          column_ruins_corridor_corner, column_ruins_grid_1,
          column_ruins_columns_water, column_ruins_open_small, hell_entry,
          grunt_pan_entry_sceptre, uniq_saint_roka
Depths:3: minmay_swirls_squares, layout_basic, serial_shops,
          nicolae_shop_hallway_plus, pf_coc_iceberg, bh_walls_and_bars,
          minmay_room_of_horrors
Depths:4: grunt_zot_entry_alcove, layout_honeycomb, serial_shops, shop_statue,
          abyss_entry_glasseish, lightli_too_deep,
          chequers_serial_rivers_small_3, tgw_lugonu_bribe
Zot:1:    layout_concentric_octagons, uniq_vv
Zot:2:    layout_cathedral_of_symmetry, hangedman_zot_gyre
Zot:3:    ebering_greatest_show_in_zot, layout_onion_interference
Zot:4:    hellmonk_crystal_mountain, layout_gridlike, uniq_parghit
Zot:5:    layout_basic

Action                     |  1- 3 |  4- 6 |  7- 9 | 10-12 | 13-15 | 16-18 | 19-21 | 22-24 | 25-27 || total
---------------------------+-------+-------+-------+-------+-------+-------+-------+-------+-------++-------
  Melee: Mace              |    83 |    89 |       |       |   634 |       |       |       |       ||   806
         Club              |    39 |       |       |       |       |       |       |       |       ||    39
         Whip              |    21 |    44 |       |       |       |       |       |       |       ||    65
         Short sword       |       |    93 |    44 |       |       |       |       |       |       ||   137
         War axe           |       |    53 |   263 |   247 |       |       |       |       |       ||   563
         Spear             |       |       |   236 |   812 |   460 |       |       |       |       ||  1508
         Trident           |       |       |       |   534 |   464 |       |       |       |       ||   998
         Demon whip        |       |       |       |       |   766 |  1009 |   932 |   828 |   818 ||  4353
         Demon trident     |       |       |       |       |   193 |   197 |       |       |       ||   390
         Eveningstar       |       |       |       |       |       |   842 |   946 |   833 |    67 ||  2688
         Unarmed           |       |       |       |       |       |       |     4 |       |       ||     4
         Broad axe         |       |       |       |       |       |       |       |       |  2214 ||  2214
  Throw: Dart              |       |       |       |     3 |     2 |     1 |     2 |       |     3 ||    11
         Throwing net      |       |       |       |       |     2 |       |       |       |       ||     2
 Invoke: Fiery Armour      |     1 |       |     4 |     2 |     4 |       |       |       |       ||    11
         Foxfire Swarm     |       |       |     1 |       |       |       |       |       |       ||     1
         Heroism           |       |       |       |       |     3 |     2 |     4 |     1 |     1 ||    11
         Finesse           |       |       |       |       |     2 |     5 |    13 |    12 |    13 ||    45
         Receive Weapon    |       |       |       |       |     1 |       |       |       |       ||     1
         Receive Armour    |       |       |       |       |     1 |       |       |       |       ||     1
  Evoke: Wand              |       |       |       |     5 |     7 |     8 |       |       |     4 ||    24
    Use: Scroll            |       |     7 |     3 |    13 |    18 |     7 |    10 |     2 |    27 ||    87
         Potion            |       |       |     1 |     3 |     3 |     2 |     3 |     5 |    19 ||    36
   Stab: Distracted        |       |       |     1 |       |       |    14 |    17 |    22 |    18 ||    72
         Paralysed         |       |       |       |     8 |       |       |       |       |       ||     8
 Armour: Robe              |    12 |       |       |       |       |       |       |       |       ||    12
         Ring mail         |    37 |    89 |    29 |       |       |       |       |       |       ||   155
         Chain mail        |       |       |   229 |   211 |       |       |       |       |       ||   440
         Leather armour    |       |       |       |    34 |       |       |       |       |       ||    34
         Plate armour      |       |       |       |   179 |   967 |   689 |   608 |   468 |   963 ||  3874
         Skin              |       |       |       |       |       |       |    11 |       |       ||    11
         Gold dragon scale |       |       |       |       |       |       |       |       |   530 ||   530
  Dodge: Dodged            |    30 |    57 |   106 |   215 |   253 |   196 |   199 |   133 |   421 ||  1610
  Block: Other             |       |       |       |       |       |    70 |       |       |       ||    70
         Reflection        |       |       |       |       |       |     9 |       |       |       ||     9
